 Dungeon Crawl Stone Soup version 0.29.1-15-g9cfb28693d (webtiles) character file.

Game seed: 12256676885670989829

2323 ThatPearl the Chiller (level 8, 0/69 HPs)
             Began as a Demigod Ice Elementalist on Mar 8, 2023.
             Slain by a manticore (3 damage)
             ... on level 7 of the Dungeon on Mar 9, 2023.
             The game lasted 00:26:38 (7299 turns).

ThatPearl the Chiller (Demigod Ice Elementalist)    Turns: 7299, Time: 00:26:38

Health: 0/69       AC:  5    Str:  9    XL:     8   Next: 99%
Magic:  5/19       EV: 12    Int: 25    God:
Gold:   145        SH:  5    Dex: 14    Spells: 3/18 levels left

rFire   . . .      SeeInvis .   m - +0 sling
rCold   . . .      Faith    .   (no shield)
rNeg    . . .      Spirit   .   a - +0 robe
rPois   +          Reflect  +   (no helmet)
rElec   .          Harm     .   h - +0 cloak
rCorr   .          Rampage  .   F - +1 pair of gloves
Will    .....                   (no boots)
Stlth   ++........              d - amulet of reflection
HPRegen 0.21/turn               r - ring of poison resistance
MPRegen 0.16/turn               (no ring)

@: slowed, very slow
A: high MP 1, forlorn, divine attributes
a: no special abilities


You were on level 7 of the Dungeon.
You visited 1 branch of the dungeon, and saw 7 of its levels.

You collected 444 gold pieces.
You spent 299 gold pieces at shops.

Inventory:

Hand Weapons
 c - a +0 spear
 e - a +2 war axe of distortion
 m - a +0 sling (weapon)
 q - a +1 vampiric dagger
 u - a +0 trident
 v - a +3 whip of chaos
 B - a +2 dagger of venom
Armour
 a - a +0 robe (worn)
 h - a +0 cloak (worn)
 F - a +1 pair of gloves (worn)
Magical Staves
 K - a staff of cold
Jewellery
 d - an amulet of reflection (around neck)
 r - a ring of poison resistance (left hand)
Wands
 w - a wand of light (1)
 E - a wand of charming (5)
 G - a wand of flame (21)
Scrolls
 g - 3 scrolls of teleportation {unknown}
 k - a scroll of enchant weapon {unknown}
 l - 6 scrolls of immolation {unknown}
 t - 3 scrolls of blinking
 I - a scroll of fog
Potions
 b - 2 potions of magic
 i - a potion of resistance {unknown}
 j - 2 potions of degeneration
 n - 3 potions of heal wounds
 o - 4 potions of curing
 p - a potion of berserk rage {unknown}
 s - a potion of might {unknown}
 x - a potion of ambrosia
 z - 2 potions of mutation
 A - 2 potions of cancellation {unknown}
 D - a potion of haste {unknown}


   Skills:
 + Level 5.5 Fighting
 - Level 2.0 Dodging
 - Level 3.0 Stealth
 + Level 5.5 Spellcasting
 + Level 4.3 Translocations
 + Level 6.8 Ice Magic


You had 3 spell levels left.
You knew the following spells:

 Your Spells              Type           Power      Damage    Failure   Level
a - Ozocubu's Armour      Ice            41%        N/A       1%          3
b - Sublimation of Blood  Necr           6%         N/A       12%         2
f - Freeze                Ice            100%       1d11      1%          1
g - Gell's Gravitas       Tloc           28%        N/A       3%          3
r - Frozen Ramparts       Ice            82%        1d13      1%          3
t - Teleport Other        Tloc           28%        N/A       3%          3

Your spell library contained the following spells:

 Spells                   Type           Power      Damage    Failure   Level
 Lesser Beckoning         Tloc           28%        N/A       3%          3
 Wereblood                Tmut           6%         N/A       12%         2
 Hailstorm                Conj/Ice       24%        3d7       19%         4
 Summon Hydra             Summ           3%         N/A       100%        7


Dungeon Overview and Level Annotations

Branches:
Dungeon (7/15)             Temple (0/1) D:5

Shops:
D:5 ?

Annotations:
D:3 Sigmund


Innate Abilities, Weirdness & Mutations

You have an increased reservoir of magic. (+10% MP)
You shall have no god before yourself.
Your divine heritage dramatically boosts your attributes as you level up.


Message History

Aim: a yak (almost dead)
You freeze the yak.
The yak is almost dead.
The wall freezes the bullfrog.
The bullfrog barely misses you.
The wall freezes the yak but does no damage.
The yak gores you.
The wall freezes the wraith but does no damage.
The wraith barely misses you.
The wall freezes the bullfrog.
The bullfrog seems to slow down.
You block the bullfrog's attack.
The wall freezes the yak!
You kill the yak!
The wall freezes the wraith but does no damage.
The wraith misses you.
The wall freezes the water moccasin.
Unknown command.
Aiming: Freeze (safe; 1% risk of failure)
Press: ? - help, Q - select action, (/) - cycle Shift-Dir - straight line, f - wraith
Aim: a wraith (lightly damaged)
You freeze the wraith.
The wraith resists.
The wraith is lightly damaged.
The frozen ramparts melt away.
The bullfrog closely misses you. The wraith hits you!
The wraith drains your vigour!
You feel as though you will be slow longer.
Unknown command.
The wraith attacks as you move away! The wraith barely misses you.
You block the bullfrog's attack. The bullfrog closely misses you.
The wraith hits you!
* * * LOW HITPOINT WARNING * * *
The wraith drains your vigour!
You feel as though you will be slow longer.
The bullfrog hits you.
* * * LOW HITPOINT WARNING * * *
The manticore bites you.
* * * LOW HITPOINT WARNING * * *
The manticore claws you.
* * * LOW HITPOINT WARNING * * *
The manticore claws you but does no damage.
Unknown command.
The bullfrog attacks as you move away! The bullfrog misses you.
The manticore bites you.
You die...

#..###### #.........
#..# #..<)..#.# #..#
###.####...# #.z#
#...#*#...## #..#
#.###...###* #..#
#.#...##*,,* #..#
###...##*,**,,
#..######...###,,,,*,,
#....@FW..###..,,,,*,,
#..#..H†##.....#*,,,,*
#..##.#S..###..).,,*,*
#..##...#...###..,,*,*
#..####.......#**,**,*
#..# ####......***,,*
#..# *..>...,,****
#..* **##..#*,,,**
*,,* ***,,.##***,,*


You could see a manticore, a wraith, a water moccasin and a bullfrog (slow).

Vanquished Creatures
  A kobold demonologist (D:7)
  A yak (D:7)
  An ice beast (D:6)
  2 sky beasts (D:6)
  An orc warrior (D:7)
  A centaur (D:6)
  A kobold brigand (D:6)
  4 bullfrogs
  3 necrophages
  A scorpion (D:6)
  3 hounds
  2 gnoll boudas (D:6)
  8 jellies
  Jessica (D:2)
  Ijyb (D:3)
  3 orc wizards
  4 iguanas
  12 gnolls
  7 adders
  A shadow imp (D:6)
  A worm (D:2)
  A dart slug (D:4)
  12 orcs
  2 bats (D:3)
  A bat zombie (D:2)
  14 endoplasms
  3 giant cockroaches
  4 goblins
  7 hobgoblins
  20 kobolds
  5 quokkas
  3 ball pythons
  3 frilled lizards
  2 rats (D:1)
136 creatures vanquished.

Vanquished Creatures (others)
  9 fungi (D:2)
  6 toadstools (D:2)
  5 withered plants (D:2)
20 creatures vanquished.

Grand Total: 156 creatures vanquished

Notes
Turn   | Place    | Note
-------+----------+-------------------------------------------
     0 | D:1      | ThatPearl the Demigod Ice Elementalist began the quest for
                  | the Orb.
     0 | D:1      | Reached XP level 1. HP: 14/14 MP: 5/5
   549 | D:1      | Reached XP level 2. HP: 20/20 MP: 7/7
   632 | D:1      | Noticed an ice devil
  1434 | D:2      | Reached skill level 1 in Fighting
  1501 | D:2      | Reached XP level 3. HP: 27/28 MP: 6/9
  1668 | D:2      | Reached skill level 4 in Ice Magic
  1985 | D:2      | Reached XP level 4. HP: 31/35 MP: 7/10
  2227 | D:2      | Learned a level 3 spell: Frozen Ramparts
  2231 | D:2      | Learned a level 3 spell: Ozocubu's Armour
  2365 | D:2      | Noticed Jessica
  2387 | D:2      | Killed Jessica
  2612 | D:3      | Noticed Sigmund
  2737 | D:3      | Reached XP level 5. HP: 41/41 MP: 12/12
  3049 | D:3      | Noticed Ijyb
  3061 | D:3      | Killed Ijyb
  4087 | D:4      | Learned a level 3 spell: Gell's Gravitas
  4118 | D:4      | Reached XP level 6. HP: 45/50 MP: 14/14
  4307 | D:4      | Reached skill level 5 in Ice Magic
  4379 | D:5      | Entered Level 5 of the Dungeon
  4742 | D:5      | Found a staircase to the Ecumenical Temple.
  4751 | D:5      | Reached skill level 1 in Translocations
  4795 | D:5      | Reached XP level 7. HP: 43/57 MP: 13/16
  5000 | D:5      | Found Edweowos's Magic Scroll Boutique.
  5011 | D:5      | Bought a scroll of identify for 26 gold pieces
  5011 | D:5      | Bought 2 scrolls of blinking for 195 gold pieces
  5011 | D:5      | Bought a scroll of fog for 52 gold pieces
  5011 | D:5      | Bought a scroll of identify for 26 gold pieces
  5440 | D:6      | Learned a level 2 spell: Sublimation of Blood
  6014 | D:6      | Reached XP level 8. HP: 52/67 MP: 13/18
  6097 | D:6      | Learned a level 3 spell: Teleport Other
  6173 | D:6      | Reached skill level 6 in Ice Magic
  6955 | D:7      | Reached skill level 5 in Spellcasting
  6961 | D:7      | Reached skill level 5 in Fighting
  6963 | D:7      | Identified the +2 robe of the Healing Gods {rElec rCorr
                  | Dex+3}
  6963 | D:7      | Noticed a kobold demonologist
  7188 | D:7      | Noticed a six-headed hydra
  7223 | D:7      | Noticed a sun demon
  7281 | D:7      | Killed a kobold demonologist
  7290 | D:7      | Noticed a manticore
  7298 | D:7      | HP: 2/69 [manticore (2)]
  7299 | D:7      | Slain by a manticore

Illustrated notes

Levels and vault maps discovered:
D:1:      minmay_arrival_doors, layout_rooms,
          dreamdust_ecumenical_altar_sealed_demon, reono_crystal_passage
D:2:      cheibrodos_fertilizer, layout_basic, serial_undead, serial_undead_b,
          serial_undead_e, serial_undead_c, serial_undead_a,
          hangedman_decor_peaks_small, kennysheep_jessica_study
D:3:      layout_loops_ring, elyvilon_altar_1, kennysheep_crisscross,
          uniq_sigmund, uniq_ijyb
D:4:      layout_loops_ring, amcnicky_altar_gilded
D:5:      layout_basic, kennysheep_mini_moat, minmay_temple_entry_tees,
          serial_shops, nicolae_lakefront_shop
D:6:      layout_basic
D:7:      minmay_the_grid_four_pointed_star [minmay_the_grid_triangle_9x9_cache,
          minmay_the_grid_triangle_9x9_empty,
          minmay_the_grid_triangle_9x9_shrine,
          minmay_the_grid_triangle_9x9_dagger,
          minmay_the_grid_prize_four_corners_diamond_a], layout_rooms,
          nicolae_wu_jian_immortal_techniques, enter_bailey_5

Skill      XL: |  1  2  3  4  5  6  7  8 |
---------------+-------------------------+-----
Dodging        | 2 |  2.0
Stealth        | 2 3 |  3.0
Spellcasting   | 2 3 4 5 |  5.5
Fighting       | 1 2 3 4 5 |  5.5
Ice Magic      | 4 5 6 |  6.8
Translocations | 1 2 4 |  4.3

Action                   |  1- 3 |  4- 6 |  7- 9 || total
-------------------------+-------+-------+-------++-------
Melee: Spear             |    30 |       |       ||    30
       Staff             |       |       |     6 ||     6
       Dagger            |       |       |    12 ||    12
 Fire: Sling             |    36 |   130 |    67 ||   233
 Cast: Freeze            |    46 |    38 |    37 ||   121
       Frozen Ramparts   |       |     9 |    21 ||    30
       Ozocubu's Armour  |       |     5 |     5 ||    10
       Gell's Gravitas   |       |       |     6 ||     6
Evoke: Wand              |       |       |     3 ||     3
  Use: Scroll            |       |       |    11 ||    11
 Stab: Sleeping          |     4 |       |     1 ||     5
Armor: Robe              |    11 |    16 |    33 ||    60
Dodge: Dodged            |    39 |    36 |    62 ||   137
Block: Other             |    16 |    10 |    21 ||    47
       Reflection        |       |     1 |     1 ||     2
